 Dungeon Crawl Stone Soup version 0.31-a0-640-g39d97e502b (webtiles) character file.

Game seed: 15655117088868551944

466 greenreed the Ruffian (level 7, -5/52 HPs)
             Began as a Djinni Shapeshifter on Aug 27, 2023.
             Was an Initiate of Nemelex Xobeh.
             Slain by a gnoll
             ... wielding a +0 spear
             ... led by a gnoll sergeant
              (7 damage)
             ... on level 5 of the Dungeon.
             The game lasted 00:06:14 (3460 turns).

greenreed the Ruffian (Djinni Shapeshifter)         Turns: 3460, Time: 00:06:16

Health: -5/52      AC:  8    Str: 15    XL:     7   Next: 30%
Gold:   167        EV: 11    Int: 11    God:    Nemelex Xobeh [......] SH:  0 Dex: 13

rFire   + +          .
                       - Unarmed
rCold   x . .        (no shield)
rNeg    . . .        i - +3 ring mail
rPois   ∞            (helmet currently unavailable)
rElec   .            (cloak currently unavailable)
rCorr   .            (gloves currently unavailable)
SInv    .            (boots unavailable)
Will    .....        u - amulet of the acrobat
Stlth   +            s - ring of wizardry
HPRegen 0.28/turn    (no ring)
MPRegen 0.00/turn

%: acrobat, wizardry (x1), infuse magic (-6 HP)
@: beast-form, flying
A: beast (slay +2), flying, sickness immunity, fire resistance 2, cold
vulnerability 1, float, innate caster, HP casting, extra vitality 1
a: Begin Untransformation, Renounce Religion, Draw Escape, Draw Destruction,
Draw Summoning


You were on level 5 of the Dungeon.
You worshipped Nemelex Xobeh.
Nemelex Xobeh was noncommittal.
You were a hulking beast.
You visited 2 branches of the dungeon, and saw 6 of its levels.

You collected 167 gold pieces.

Inventory:

Hand Weapons
 l - a +2 spear of venom
Armour
 i - a +3 ring mail (worn)
 k - a +0 pair of gloves
Magical Staves
 j - a staff of poison
Jewellery
 s - a ring of wizardry (left hand)
 u - an amulet of the acrobat (around neck)
Talismans
 c - a beast talisman (active)
 d - a flux talisman
Scrolls
 a - 3 scrolls of revelation {unknown}
 e - 4 scrolls of teleportation {unknown}
 f - 3 scrolls of identify {unknown}
 m - a scroll of immolation {unknown}
 n - a scroll of torment {unknown}
 r - a scroll of fog {unknown}
 v - a scroll of amnesia {unknown}
Potions
 b - a potion of lignification
 g - a potion of curing {unknown}
 h - 3 potions of attraction {unknown}
 o - a potion of haste {unknown}
 p - a potion of enlightenment {unknown}
 q - a potion of berserk rage {unknown}
 t - a potion of resistance {unknown}
 w - a potion of magic {unknown}
 x - a potion of ambrosia {unknown}
 z - a potion of might {unknown}


   Skills:
 * Level 4.0 Fighting
 + Level 3.7 Dodging
 * Level 5.0 Unarmed Combat
 + Level 1.2 Invocations
 + Level 3.5 Shapeshifting


You knew the following spells:

 Your Spells              Type           Power      Damage    Failure   Level
a - Freeze                Ice            0%         1d3       26%         1
b - Scorch                Fire           0%         2d5       38%         2
c - Passwall              Tmut/Erth      0%         N/A       38%         2
Your spell library was empty.

Dungeon Overview and Level Annotations

Branches:
Dungeon (5/15)             Temple (1/1) D:4

Altars:
Dithmenos
Elyvilon
Hepliaklqana
Nemelex Xobeh
Okawaru
Ru
Trog
Uskayaw
Wu Jian
Xom
Yredelemnul
Zin
The Shining One

Shops:
D:5 =

Annotations:
D:5 3 runed translucent doors, Age's ghost, novice MiHu


Innate Abilities, Weirdness & Mutations

You are a hulking beast.
Your limbs bulge with bestial killing power. (Slay +2)
You are flying.
You are immune to sickness and miasma.
You are immune to poison.
Your flesh is very heat resistant. (rF++)
You are vulnerable to cold. (rC-)
You float through the air rather than walking.
You learn spells naturally, not from books.
Your magical power is your life essence.
You have superior vitality. (+4 MHP)


Message History

* * * LOW HITPOINT WARNING * * *
There is a stone staircase leading up here.
The gnoll sergeant hits you but does no damage.
You fly upwards.
There is a stone staircase leading down here.
You start resting.
HP restored.
You fly downwards.
Level annotation: 3 runed translucent doors, Age's ghost, novice MiHu The gnoll sergeant hits you with a +0 spear!
There is a stone staircase leading up here.
You hit the gnoll sergeant.
The gnoll sergeant is moderately wounded.
The gnoll sergeant hits you but does no damage.
You hit the gnoll sergeant but do no damage.
The gnoll sergeant is moderately wounded.
You barely miss the gnoll sergeant.
The gnoll sergeant is moderately wounded.
The gnoll sergeant hits you with a +0 spear.
The gnoll hits you with a +0 flail.
You hit the gnoll sergeant.
The gnoll sergeant is moderately wounded.
The gnoll sergeant completely misses you.
The gnoll hits you from afar with a +0 halberd.
The gnoll barely misses you.
You closely miss the gnoll sergeant.
The gnoll sergeant is moderately wounded.
The gnoll hits you with a +0 flail!
The gnoll sergeant hits you but does no damage.
The gnoll hits you from afar with a +0 halberd!
The gnoll barely misses you. The gnoll hits you with a +0 flail.
* * * LOW HITPOINT WARNING * * *
The gnoll sergeant hits you with a +0 spear.
* * * LOW HITPOINT WARNING * * *
The gnoll hits you from afar with a +0 halberd.
* * * LOW HITPOINT WARNING * * *
The gnoll hits you from afar with a +0 spear!
You die...
Your body disappears without a glow.

#.##.........#.####.###.....#
#.#.∩..g...# #.# #.# ##...##
###..........###.####.# ##.##
..........g...........# #†#
#)......#.###.#.#### #.#
#......##.# #.#.# #.#
####.#...###.# #g#.# #.#
.............# #g#g# #.#
.###.##.###### #hg.# #.# #.
#.# ###.# #.# #. #.# #.# #.#
#. #.# ### #.# ..
#.###################.#
#........'..#W?$#..'..#
#......########.#...#.##..#
#.####.# #.#+++#.###.# #.#
#.......# #...


You could see a gnoll sergeant and 3 gnolls.

Vanquished Creatures
  An ogre (D:4)
  A phantom (D:4)
  A bullfrog zombie (D:5)
  2 hounds
  A sleepcap (D:4)
  An orc wizard (D:3)
  A hound zombie (D:5)
  4 adders
  2 gnolls (D:5)
  3 dart slugs
  18 orcs
  4 endoplasms
  5 giant cockroaches
  7 goblins
  6 hobgoblins
  7 kobolds
  2 quokkas
  4 ball pythons
  6 bats
  2 frilled lizards
  4 rats
82 creatures vanquished.

Notes
Turn   | Place    | Note
-------+----------+-------------------------------------------
     0 | D:1      | greenreed the Djinni Shapeshifter began the quest for the
                  | Orb.
     0 | D:1      | Reached XP level 1. HP: 17/17 MP: 0/0
   101 | D:1      | Reached XP level 2. HP: 22/22 MP: 0/0
   102 | D:1      | Found a faded altar of an unknown god.
   275 | D:1      | Reached XP level 3. HP: 27/28 MP: 0/0
   275 | D:1      | Learned a level 1 spell: Freeze
   858 | D:2      | Identified the +2 pair of boots "Qeabaodda" {Rampage rF+
                  | Int+2}
  1031 | D:3      | Reached XP level 4. HP: 32/33 MP: 0/0
  1137 | D:3      | Found a white marble altar of Elyvilon.
  1288 | D:3      | Reached XP level 5. HP: 39/39 MP: 0/0
  1288 | D:3      | Learned a level 2 spell: Scorch
  1366 | D:3      | Reached skill level 4 in Unarmed Combat
  1633 | D:3      | Found a hazy altar of Hepliaklqana.
  1860 | D:4      | Noticed a phantom
  1874 | D:4      | Killed a phantom
  1875 | D:4      | Reached XP level 6. HP: 38/46 MP: 0/0
  1944 | D:4      | Found a staircase to the Ecumenical Temple.
  1963 | Temple   | Entered the Ecumenical Temple
  1989 | Temple   | Became a worshipper of Nemelex Xobeh the Trickster
  2120 | D:4      | Noticed an ogre
  2132 | D:4      | Killed an ogre
  2437 | D:4      | Noticed an orc warrior
  2476 | D:4      | Reached XP level 7. HP: 46/51 MP: 0/0
  2476 | D:4      | Learned a level 2 spell: Passwall
  2915 | D:4      | Found a glowing golden altar of the Shining One.
  3078 | D:5      | Entered Level 5 of the Dungeon
  3110 | D:5      | Reached skill level 1 in Invocations
  3144 | D:5      | Found a runed translucent gate.
  3144 | D:5      | Found a runed translucent gate.
  3144 | D:5      | Found a runed translucent gate.
  3144 | D:5      | Noticed Age's ghost (novice MiHu)
  3146 | D:5      | Found a basalt altar of Yredelemnul.
  3192 | D:5      | Found Xoomniuf's Jewellery Boutique.
  3259 | D:5      | Reached skill level 5 in Unarmed Combat
  3275 | D:5      | HP: 2/52 [gnoll sergeant/+0 spear (7)]
  3460 | D:5      | HP: 2/52 [gnoll/+0 halberd[a gnoll sergeant] (4)]
  3460 | D:5      | Slain by a gnoll

Illustrated notes

Levels and vault maps discovered:
D:1:      scummos_arrival_checkerplants, layout_rooms,
          dreamdust_ecumenical_altar_statues
D:2:      layout_rooms, serial_glass, glass_columns_a, glass_columns_b,
          glass_columns_b, glass_columns_b, glass_columns_c, glass_columns_a,
          glass_columns_a, glass_columns_b
D:3:      layout_rooms, mainiacjoe_overflow_alcove_1, lemuel_round_altar,
          serial_corexii_hall, chequers_hall_statues_corner_a,
          corexii_hall_statues_t, corexii_hall_statues_i,
          chequers_hall_statues_wall_a, chequers_hall_statues_wall_a,
          corexii_hall_statues_x
D:4:      layout_basic, mainiacjoe_overflow_alcove_2,
          minmay_temple_entry_steel_oval
D:5:      layout_loops_ring, nicolae_yredelemnul_ghost_church,
          ashenzari_altar_1, serial_shops, shop, nicolae_shop_back_alley_shop,
          kennysheep_mini, shop
Temple:   chequers_temple_sunken

Skill      XL: |  1  2  3  4  5  6  7 |
---------------+----------------------+-----
Fighting       | 2 3 4 |  4.0
Shapeshifting  | 3 |  3.5
Unarmed Combat | 4 5 |  5.0
Dodging        | 3 |  3.7
Invocations    | 1 |  1.2

Action                     |  1- 3 |  4- 6 |  7- 9 || total
---------------------------+-------+-------+-------++-------
  Melee: Unarmed           |    88 |   153 |    81 ||   322
         Punch             |       |     3 |     1 ||     4
   Stab: Sleeping          |     2 |       |       ||     2
 Armour: Animal skin       |     4 |       |       ||     4
         Ring mail         |    37 |    61 |    19 ||   117
  Dodge: Dodged            |    35 |    93 |    50 ||   178

Table legend: (Time is in decaauts)
 A = Elapsed time spent in this place.
 B = Non-inter-level travel time spent in this place.
 C = Inter-level travel time spent in this place.
 D = Time resting spent in this place.
 E = Time spent auto-exploring this place.
 F = Levels seen in this place.
 G = Mean time per level.
                   A        B        C        D        E       F      G
               +--------+--------+--------+--------+--------+-----+--------+
         Total |   3437 |   3234 |    203 |    304 |   2246 |   6 |  572.8 |
       Dungeon |   3384 |   3210 |    174 |    304 |   2246 |   5 |  676.8 |
        Temple |     52 |     23 |     29 |      0 |      0 |   1 |   52.0 |
               +--------+--------+--------+--------+--------+-----+--------+

Top non-repeatable levels by time:
     D:3: 1137 daAuts
     D:4: 1028 daAuts
     D:2: 548 daAuts
     D:1: 469 daAuts
     D:5: 201 daAuts
  Temple: 52 daAuts
